 Dungeon Crawl Stone Soup version 0.28-a0-909-g796cbd3a86 (webtiles) character file.

Game seed: 12716319928333744953

6694 snetch the Basher (level 10, -3/135 HPs)
             Began as a Minotaur Berserker on Nov 24, 2021.
             Was a Priest of Trog.
             Slain by a hornet (5 damage)
             ... on level 9 of the Dungeon.
             The game lasted 00:22:38 (8548 turns).

snetch the Basher (Minotaur Berserker)              Turns: 8548, Time: 00:22:39

Health: -3/135     AC: 14    Str: 25    XL:     10   Next: 74%
Magic:  9/9        EV: 11    Int:  4    God:    Trog [***...]
Gold:   308        SH:  8    Dex: 15    Spells: 9/9 levels left

rFire   . . .      SeeInvis +   b - +4 flail (protect)
rCold   . . .      Faith    .   Q - +0 kite shield
rNeg    + . .      Spirit   .   W - +1 ring mail "Wieruaha" {+Blink rN+ Dex+2}
rPois   .          Reflect  .   J - +0 hat {SInv}
rElec   .          Harm     .   c - scarf {repulsion}
rCorr   .          Rampage  .   d - +0 pair of gloves {Dex+3}
Will    +....                   D - +0 pair of boots
Stlth   ..........              (no amulet)
HPRegen 0.32/turn               O - ring of willpower
MPRegen 0.11/turn               A - +4 ring of protection

@: berserking (expiring), lethally poisoned (-3 -> -6), slowed, repel missiles
A: horns 2, retaliatory headbutt
a: Renounce Religion, Evoke Blink, Berserk, Trog's Hand


You were on level 9 of the Dungeon.
You worshipped Trog.
Trog was most pleased with you.
You visited 2 branches of the dungeon, and saw 10 of its levels.

You collected 308 gold pieces.

Inventory:

Hand Weapons
 a - a +2 vampiric hand axe
 b - a +4 flail of protection (weapon)
 l - a +0 trident
 x - a +0 halberd
 H - a +0 quarterstaff
 R - a +2 shortbow of freezing
 S - a +2 quarterstaff of chaos
 U - a +1 vorpal mace
Missiles
 e - 267 arrows
 h - 32 poisoned darts (quivered)
 j - 29 sling bullets
 o - 259 stones
 L - a throwing net
 P - 18 bolts
Armour
 c - a scarf of repulsion (worn)
 d - a +0 pair of gloves of dexterity (worn)
 u - a +2 leather armour of cold resistance
 D - a +0 pair of boots (worn)
 G - a +0 plate armour
 J - a +0 hat of see invisible (worn)
 Q - a +0 kite shield (worn)
 T - a +2 cloak
 W - the +1 ring mail "Wieruaha" (worn) {+Blink rN+ Dex+2}
   (You found it on level 8 of the Dungeon)

   Dex:       It affects your dexterity (+2).
   rN:        It protects you from negative energy.
   +Blink:    It lets you blink.
Jewellery
 f - a ring of flight
 A - a +4 ring of protection (right hand)
 O - a ring of willpower (left hand)
Wands
 r - a wand of flame (55)
 I - a wand of acid (7)
Scrolls
 g - a scroll of teleportation {unknown}
 i - a scroll of enchant weapon {unknown}
 k - 8 scrolls of identify {unknown}
 t - 2 scrolls of immolation {unknown}
 y - 2 scrolls of amnesia {unknown}
 C - 2 scrolls of noise {unknown}
 K - 2 scrolls of enchant armour {unknown}
 N - a scroll of fog {unknown}
 V - a scroll of fear {unknown}
Potions
 m - 4 potions of lignification {unknown}
 n - 3 potions of heal wounds {unknown}
 p - 4 potions of flight {unknown}
 q - 2 potions of attraction {unknown}
 s - 4 potions of curing {unknown}
 v - 2 potions of might {unknown}
 w - a potion of degeneration {unknown}
 z - a potion of brilliance
 B - 4 potions of mutation {unknown}
 E - a potion of ambrosia {unknown}
 F - a potion of resistance {unknown}
 M - a potion of haste {unknown}


   Skills:
 + Level 8.7 Fighting
 + Level 7.1(10.5) Axes
 + Level 9.0(10.1) Maces & Flails
 + Level 8.1(9.3) Polearms
 + Level 4.5 Throwing
 + Level 6.9 Armour
 + Level 6.6 Dodging
 + Level 2.5 Stealth
 + Level 1.1 Shields
 + Level 0.1 Evocations


You had 9 spell levels left.
You didn't know any spells.
Your spell library contained the following spells:

 Spells                   Type           Power      Damage    Failure   Level
 Slow                     Hex            0%         N/A       99%         1
 Ensorcelled Hibernation  Hex/Ice        0%         N/A       100%        2
 Confusing Touch          Hex            0%         N/A       100%        3
 Stone Arrow              Conj/Erth      0%         3d7       100%        3
 Tukima's Dance           Hex            0%         N/A       100%        3
 Vampiric Draining        Necr           0%         2d6       100%        3
 Animate Armour           Summ/Erth      0%         N/A       100%        4
 Freezing Cloud           Conj/Ice/Air   0%         6-21      100%        5
 Simulacrum               Ice/Necr       0%         N/A       100%        6
 Lehudib's Crystal Spear  Conj/Erth      0%         10d2      100%        8
 Polar Vortex             Ice            0%         N/A       100%        9


Dungeon Overview and Level Annotations

Branches:
Dungeon (9/15)             Temple (1/1) D:5
   Lair: D:8-11         Orc: D:9-12

Altars:
Ashenzari
Cheibriados
Dithmenos
Elyvilon
Fedhas
Gozag
Hepliaklqana
Kikubaaqudgha
Makhleb
Nemelex Xobeh
Okawaru
Qazlal
Ru
Sif Muna
Uskayaw
Vehumet
Wu Jian
Xom
Yredelemnul
Zin
The Shining One

Shops:
D:3 (

Annotations:
D:7 2 runed translucent doors, exclusion: orange crystal statue


Innate Abilities, Weirdness & Mutations

You have a pair of horns on your head.
You reflexively headbutt those who attack you in melee.


Message History

The hornet is moderately wounded.
You feel sick. The hornet stings you.
* * * LOW HITPOINT WARNING * * *
You feel as though you will be slow longer.
You block the hornet's attack.
You closely miss the hornet.
The hornet is moderately wounded.
You feel sick.
You are no longer poisoned.
The hornet stings you but does no damage.
You closely miss the hornet.
The hornet is moderately wounded.
The hornet stings you but does no damage.
The hornet stings you.
* * * LOW HITPOINT WARNING * * *
You feel as though you will be slow longer.
You bludgeon the hornet!!
Your weapon exudes an aura of protection.
The hornet is almost dead.
The hornet completely misses you.
The hornet stings you but does no damage.
Your shield prevents you from hitting the hornet.
The hornet is almost dead.
The hornet stings you!
* * * LOW HITPOINT WARNING * * *
You are poisoned.
You suddenly lose the ability to move!
The hornet stings you but does no damage.
You feel sick.
The hornet stings you but does no damage.
You feel sick. The hornet stings you.
* * * LOW HITPOINT WARNING * * *
You feel as though you will be slow longer.
The hornet stings you but does no damage.
You can move again.
You closely miss the hornet. Your headbutt misses the hornet.
The hornet is almost dead.
* * * LOW HITPOINT WARNING * * *
You feel sick. The hornet stings you.
You die...

#...#########...#......# #.#
###+#...........#......# #.#
...........###....# #.#
.............+....# #.#
.............#....# #.##
.............#....#####..#
.......รท.....'...........###
##.....<.....#..............
#.........@.#####..........
....###....y.....#..........
....#)#....##....#....######
.####+####).#....#....#
#..#....#....# #..#....#....#
#..#.^..#....#+#### #..#
.>#.......... #.##
##.....<....


You could see a hornet.

Vanquished Creatures
  Gastronok (D:8)
  A two-headed ogre (D:8)
  Pikel (D:6)
  The ghost of tvsian the Cudgeller, a novice MiBe of Trog (D:4)
  Grinder (D:3)
  Eustachio (D:4)
  A yak (D:7)
  A wyvern (D:7)
  A shadow (D:8)
  A steam dragon (D:3)
  2 water moccasins
  Duvessa (D:6)
  Edmund (D:4)
  4 black bears
  A sky beast (D:7)
  3 ice beasts
  5 centaurs
  2 ogres
  A phantom (D:5)
  3 bullfrogs
  2 scorpions
  Blork the orc (D:4)
  A gnoll sergeant (D:7)
  A wyvern zombie (D:8)
  A water moccasin zombie (D:4)
  Dowan (D:6)
  A water moccasin skeleton (D:3)
  A killer bee (D:7)
  2 howler monkeys (D:9)
  A bullfrog zombie (D:4)
  4 centaur zombies
  4 hounds
  A jelly (D:5)
  5 centaur skeletons
  Crazy Yiuf (D:7)
  2 gnoll shamans (D:5)
  Jessica (D:3)
  An iguana (D:5)
  Ijyb (D:3)
  A hound zombie (D:5)
  8 gnolls (D:5)
  4 adders
  A howler monkey skeleton (D:7)
  A worm (D:3)
  3 dart slugs
  6 orcs
  2 endoplasms (D:4)
  2 giant cockroaches (D:2)
  4 goblins
  9 hobgoblins
  2 jackals (D:4)
  4 kobolds
  A quokka (D:5)
  5 ball pythons
  5 bats
  4 frilled lizards
  4 rats
131 creatures vanquished.

Vanquished Creatures (others)
  A jelly (D:6)
1 creature vanquished.

Grand Total: 132 creatures vanquished

Notes
Turn   | Place    | Note
-------+----------+-------------------------------------------
     0 | D:1      | snetch the Minotaur Berserker began the quest for the Orb.
     0 | D:1      | Reached XP level 1. HP: 19/19 MP: 0/0
    20 | D:2      | Found a glowing silver altar of Zin.
   495 | D:1      | Found a faded altar of an unknown god.
   972 | D:2      | Reached XP level 2. HP: 25/27 MP: 1/1
  1349 | D:3      | Noticed Ijyb
  1355 | D:3      | Killed Ijyb
  1356 | D:3      | Reached XP level 3. HP: 34/34 MP: 2/2
  1668 | D:3      | Noticed Jessica
  1668 | D:3      | Found Rymp's Weapon Shoppe.
  1674 | D:3      | Killed Jessica
  1675 | D:3      | Reached skill level 1 in Polearms
  1675 | D:3      | Reached XP level 4. HP: 32/41 MP: 3/3
  2099 | D:3      | Noticed Grinder
  2103 | D:3      | Reached ** piety under Trog
  2120 | D:3      | Paralysed by Grinder for 4 turns
  2129 | D:3      | Killed Grinder
  2130 | D:3      | Reached XP level 5. HP: 32/47 MP: 4/4
  2130 | D:3      | Reached XP level 6. HP: 37/55 MP: 5/5
  2272 | D:4      | Noticed a steam dragon
  2279 | D:3      | Killed a steam dragon
  2280 | D:3      | Reached skill level 5 in Fighting
  2559 | D:3      | Reached skill level 5 in Armour
  2792 | D:4      | Reached XP level 7. HP: 55/61 MP: 6/6
  2838 | D:4      | Noticed Blork the orc
  2850 | D:4      | Killed Blork the orc
  2851 | D:4      | Reached skill level 5 in Polearms
  3105 | D:5      | Entered Level 5 of the Dungeon
  3233 | D:4      | Noticed Edmund
  3254 | D:4      | Killed Edmund
  3401 | D:4      | Reached XP level 8. HP: 65/70 MP: 7/7
  3474 | D:4      | Found a runed translucent gate.
  3474 | D:4      | Found a runed translucent gate.
  3475 | D:4      | Found a runed translucent gate.
  3476 | D:4      | Noticed tvsian's ghost (novice MiBe)
  3485 | D:4      | Reached skill level 5 in Axes
  3496 | D:4      | Killed tvsian's ghost
  3497 | D:4      | Reached skill level 1 in Maces & Flails
  3797 | D:4      | Noticed Eustachio
  3811 | D:4      | Killed Eustachio
  3812 | D:4      | Reached skill level 2 in Maces & Flails
  4020 | D:5      | Reached skill level 5 in Dodging
  4211 | D:5      | Reached skill level 3 in Maces & Flails
  4366 | D:6      | Noticed Duvessa
  4366 | D:6      | Noticed Dowan
  4376 | D:6      | Killed Dowan
  4376 | D:6      | Killed Duvessa
  4486 | D:6      | Reached XP level 9. HP: 78/78 MP: 8/8
  4499 | D:6      | Reached *** piety under Trog
  5054 | D:5      | Found a staircase to the Ecumenical Temple.
  5060 | Temple   | Entered the Ecumenical Temple
  5633 | D:6      | Reached skill level 4 in Maces & Flails
  5708 | D:6      | Reached skill level 1 in Throwing
  5708 | D:6      | Reached skill level 1 in Stealth
  5762 | D:6      | Noticed Pikel
  5782 | D:6      | Killed Pikel
  5783 | D:6      | Reached skill level 5 in Maces & Flails
  5992 | D:7      | Found a runed translucent door.
  5995 | D:7      | Found the +10 tower shield of Ignorance {rN+ Int-4}
  6033 | D:7      | Found a runed translucent door.
  6069 | D:8      | Noticed Gastronok
  6082 | D:8      | Reached skill level 6 in Maces & Flails
  6093 | D:8      | Killed Gastronok
  6094 | D:8      | Reached skill level 7 in Maces & Flails
  6094 | D:8      | Reached XP level 10. HP: 43/88 MP: 9/9
  6729 | D:7      | Noticed an orange crystal statue
  7244 | D:7      | Reached skill level 8 in Maces & Flails
  7245 | D:7      | Reached **** piety under Trog
  7474 | D:7      | Found a runed translucent door.
  7475 | D:7      | Noticed Crazy Yiuf
  7481 | D:7      | Killed Crazy Yiuf
  7724 | D:8      | Identified the +1 ring mail "Wieruaha" {+Blink rN+ Dex+2}
  7840 | D:8      | Noticed a two-headed ogre
  7848 | D:8      | Killed a two-headed ogre
  7849 | D:8      | Reached skill level 1 in Shields
  8140 | D:9      | Reached skill level 9 in Maces & Flails
  8535 | D:9      | Paralysed by a hornet for 2 turns
  8540 | D:9      | Paralysed by a hornet for 1 turns
  8545 | D:9      | Paralysed by a hornet for 3 turns
  8547 | D:9      | HP: 6/135 [poisoned by a hornet]
  8547 | D:9      | HP: 2/135 [hornet (4)]
  8548 | D:9      | Slain by a hornet

Illustrated notes

Levels and vault maps discovered:
D:1:      ebering_trefoil_twist, layout_loops_ring,
          hellmonk_ecumenical_altar_inner_sanctum
D:2:      layout_loops_corners, basic_altar
D:3:      layout_basic, serial_shops, shop, uniq_jessica, uniq_grinder,
          uniq_ijyb
D:4:      layout_rooms, gammafunk_ghost_necromancy, uniq_blork_the_orc,
          uniq_edmund, uniq_eustachio
D:5:      layout_loops_cross, minmay_temple_entry_fiery
D:6:      layout_basic, serial_glass, glass_columns_a, glass_columns_b,
          uniq_duvessa, uniq_pikel
D:7:      minmay_clustersquares, layout_loops_corners,
          chequers_guarded_unrand_ignorance, uniq_crazy_yiuf_cottage
D:8:      layout_basic, uniq_gastronok
D:9:      layout_irregular_city, general_overflow_altar, lair_entry_dummy,
          grunt_tough_drop
Temple:   roderic_octagonal_lattice_temple

Skill      XL: |  1  2  3  4  5  6  7  8  9 10 |
---------------+-------------------------------+-----
Fighting       | 4 5 6 8 |  8.7
Axes           | 4 5 7 |  7.1
Polearms       | 1 3 4 6 8 |  8.1
Armour         | 3 4 5 6 |  6.9
Dodging        | 3 4 5 6 |  6.6
Maces & Flails | 3 7 9 |  9.0
Throwing       | 3 4 |  4.5
Stealth        | 1 2 |  2.5
Shields        | 1 |  1.1
Evocations     | |  0.1

Action                   |  1- 3 |  4- 6 |  7- 9 | 10-12 || total
-------------------------+-------+-------+-------+-------++-------
Melee: Hand axe          |     9 |       |    50 |       ||    59
       Trident           |    37 |    59 |    60 |       ||   156
       Headbutt          |     4 |    14 |    45 |    25 ||    88
       Flail             |       |       |    97 |    95 ||   192
Throw: Dart              |     1 |       |    31 |    26 ||    58
Invok: Berserk           |     1 |     1 |     2 |     2 ||     6
       Trog's Hand       |       |     1 |       |       ||     1
 Abil: Evoke Blink       |       |       |       |     1 ||     1
 Stab: Sleeping          |       |       |       |     2 ||     2
Armor: Animal skin       |     3 |       |       |       ||     3
       Leather armour    |     3 |     2 |    86 |    54 ||   145
       Chain mail        |     8 |    17 |       |       ||    25
       Ring mail         |       |       |       |    16 ||    16
Dodge: Dodged            |    33 |    20 |   134 |    74 ||   261
       Repelled          |       |       |     1 |       ||     1
Block: Kite shield       |       |       |       |    29 ||    29

Table legend: (Time is in decaauts)
 A = Elapsed time spent in this place.
 B = Non-inter-level travel time spent in this place.
 C = Inter-level travel time spent in this place.
 D = Time resting spent in this place.
 E = Time spent auto-exploring this place.
 F = Levels seen in this place.
 G = Mean time per level.
                   A        B        C        D        E       F      G
               +--------+--------+--------+--------+--------+-----+--------+
         Total |   8643 |   8086 |    557 |     94 |   6208 |  10 |  864.3 |
       Dungeon |   8352 |   7817 |    535 |     94 |   5962 |   9 |  928.0 |
        Temple |    290 |    268 |     22 |      0 |    246 |   1 |  290.0 |
               +--------+--------+--------+--------+--------+-----+--------+

Top non-repeatable levels by time:
     D:7: 1391 daAuts
     D:4: 1204 daAuts
     D:5: 1042 daAuts
     D:8: 1007 daAuts
     D:2: 954 daAuts
     D:1: 938 daAuts
     D:3: 897 daAuts
     D:6: 739 daAuts
  Temple: 290 daAuts
     D:9: 177 daAuts
